 Dungeon Crawl Stone Soup version 0.30-a0-377-g5cb311bc9f (webtiles) character file.

Game seed: 17753170544411036881

2692 LnG the Covert (level 9, -3/46 (50) HPs)
             Began as a Kobold Summoner on Nov 29, 2022.
             Was a Follower of Dithmenos.
             Slain by a wight
             ... wielding a +0 great sword
              (4 damage)
             ... on level 7 of the Dungeon.
             The game lasted 00:23:04 (6764 turns).

LnG the Covert (Kobold Summoner)                    Turns: 6764, Time: 00:23:05

HP:   -3/46 (50)    AC:  4    Str:  5    XL:     9   Next: 96%
MP:   13/17         EV: 18    Int: 21    God:    Dithmenos [*.....]
Gold: 337           SH:  0    Dex: 15    Spells: 10/19 levels left

rFire   . . .      SeeInvis .    y - +8 whip of LnG's Execution {elec, rC+ Stlth+}
rCold   + . .      Faith    .    (no shield)
rNeg    . . .      Spirit   .    a - +0 robe
rPois   .          Reflect  .    m - +0 helmet
rElec   .          Harm     .    l - +0 cloak
rCorr   .          Rampage  .    (no gloves)
Will    .....                    (no boots)
Stlth   ++++++++..               (no amulet)
HPRegen 0.27/turn                h - ring of wizardry
MPRegen 0.15/turn                (no ring)

@: wreathed by umbra, drained
A: small, no large weapons, nightstalker 3
a: Renounce Religion


You were on level 7 of the Dungeon.
You worshipped Dithmenos.
Dithmenos was aware of your devotion.
You visited 1 branch of the dungeon, and saw 7 of its levels.

You collected 337 gold pieces.

Inventory:

Hand Weapons
 d - a +0 dagger
 t - a +0 dagger of speed
 y - the +8 whip of LnG's Execution (weapon) {elec, rC+ Stlth+}
   (You found it on level 6 of the Dungeon)

   It occasionally discharges a powerful burst of electricity upon striking a
   foe.
   rC:        It protects you from cold.
   Stlth:     It makes you more stealthy.
Armour
 a - a +0 robe (worn)
 l - a +0 cloak (worn)
 m - a +0 helmet (worn)
Jewellery
 h - a ring of wizardry (left hand)
 w - an amulet of the acrobat
Wands
 s - a wand of light (7)
Scrolls
 c - 2 scrolls of teleportation
 e - a scroll of blinking {unknown}
 f - a scroll of noise
 i - 3 scrolls of identify {unknown}
 k - 2 scrolls of amnesia
 n - 2 scrolls of poison {unknown}
 o - 2 scrolls of magic mapping {unknown}
 x - a scroll of silence {unknown}
 A - a scroll of fear {unknown}
 B - a scroll of brand weapon {unknown}
Potions
 b - 3 potions of magic
 g - 2 potions of cancellation {unknown}
 j - 3 potions of curing {unknown}
 p - 2 potions of degeneration {unknown}
 q - 2 potions of heal wounds {unknown}
 r - 3 potions of haste {unknown}
 u - 3 potions of lignification {unknown}
 v - 2 potions of attraction {unknown}
 z - a potion of mutation {unknown}


   Skills:
 + Level 3.0 Fighting
 + Level 4.6 Short Blades
 + Level 1.6 Maces & Flails
 * Level 7.6 Dodging
 * Level 10.3 Stealth
 + Level 5.7 Spellcasting
 + Level 0.9 Hexes
 + Level 6.1 Summonings


You had 10 spell levels left.
You knew the following spells:

 Your Spells              Type           Power      Damage    Failure   Level
a - Summon Small Mammal   Summ           100%       N/A       1%          1
b - Call Imp              Summ           31%        N/A       1%          2
c - Call Canine Familiar  Summ           31%        N/A       1%          3
d - Summon Guardian Gole  Hex/Summ       21%        N/A       2%          3

Your spell library contained the following spells:

 Spells                   Type           Power      Damage    Failure   Level
 Freeze                   Ice            24%        1d4       4%          1
 Frozen Ramparts          Ice            12%        1d2       12%         3
 Hailstorm                Conj/Ice       6%         3d4       12%         3
 Summon Lightning Spire   Summ/Air       18%        N/A       12%         4


Dungeon Overview and Level Annotations

Branches:
Dungeon (7/15)             Temple (0/1) D:4

Altars:
Dithmenos
Gozag
Nemelex Xobeh
Uskayaw
Vehumet
Xom

Shops:
D:3 =   D:5 :

Annotations:
D:4 Pikel
D:5 exclusion: statue
D:6 3 runed translucent doors, tangygnat's ghost, novice TrFi


Innate Abilities, Weirdness & Mutations

You are small and have problems with some larger weapons.
You are completely attuned to the shadows.


Message History

The orc warrior misses you. The orc hits you with a +0 club.
You hit the orc warrior but do no damage.
The orc warrior is severely wounded.
The orc warrior completely misses you. The orc barely misses you.
You barely miss the orc warrior.
The orc warrior is severely wounded.
The orc warrior completely misses you. The orc misses you.
You hit the orc warrior but do no damage.
The orc warrior is severely wounded.
The orc warrior hits you with a +0 war axe.
The orc closely misses you. The orc misses you.
The orc warrior completely misses you.
You barely miss the orc warrior.
The orc warrior is severely wounded.
The orc warrior closely misses you. The orc barely misses you.
You hit the orc warrior but do no damage.
Lightning courses through the orc warrior!
You kill the orc warrior!
Dithmenos accepts your kill. The orc closely misses you.
You whack the wight!
The wight is heavily damaged.
The wight barely misses you. The orc closely misses you.
You hit the wight but do no damage.
The wight is heavily damaged.
The wight misses you. The orc hits you with a +0 club.
You barely miss the wight.
The wight is heavily damaged.
The wight hits you with a +0 great sword!!
You feel drained.
* * * LOW HITPOINT WARNING * * *
The orc hits you with a +0 club.
* * * LOW HITPOINT WARNING * * *
Casting: Call Canine Familiar (safe; 1% risk of failure)
Confirm with . or Enter, or press ? or * to list all spells.
The orc completely misses you.
The wight hits you with a +0 great sword!
* * * LOW HITPOINT WARNING * * *
You feel drained.
You die...

########.
......... ######
......... #....#
.....o.# #....#
####'##oz#
#....##
#.....@z##
#.....# #....)###
#.....# #....h#
##.....# #.....#
##.....# #.....#
.###...####..#.##
.###...##...##.#
.##..†.........#
.##............#


You could see 2 wights, 2 orcs and a friendly hound (summoned).

Vanquished Creatures
  Eustachio (D:6)
  An ice beast (D:5)
  An orc warrior (D:7)
  A hornet zombie (D:6)
  A black bear (D:6)
  A sky beast (D:7)
  An ogre (D:6)
  A centaur (D:6)
  A lemure (D:4)
  Blork the orc (D:4)
  2 phantoms
  3 bullfrogs
  A wyvern zombie (D:6)
  2 wights
  A howler monkey (D:7)
  2 centaur zombies (D:6)
  An orc priest (D:5)
  An iguana (D:5)
  Ijyb (D:4)
  An orc wizard (D:5)
  3 adders
  3 white imps
  3 dart slugs
  5 orcs (D:5)
  2 ball pythons (D:3)
  5 endoplasms
  4 giant cockroaches
  5 goblins
  5 hobgoblins
  5 jackals
  2 quokkas
  6 bats
  4 frilled lizards
  4 kobolds
  6 rats
87 creatures vanquished.

Vanquished Creatures (collateral kills)
  A lemure (D:4)
  A necrophage (D:5)
  A gnoll sergeant (D:5)
  A scorpion (D:6)
  2 bullfrog skeletons (D:6)
  4 gnolls (D:5)
  2 worms (D:2)
  4 orcs
  2 endoplasms
  A giant cockroach (D:1)
  7 hobgoblins
  7 jackals
  2 kobolds
  A ball python (D:1)
  2 frilled lizards
  A rat (D:1)
39 creatures vanquished.

Vanquished Creatures (others)
  A two-headed ogre (D:6)
  Edmund (D:6)
  A centaur zombie (D:6)
  A bat (D:1)
  5 withered plants (D:6)
9 creatures vanquished.

Grand Total: 135 creatures vanquished

Notes
Turn   | Place    | Note
-------+----------+-------------------------------------------
     0 | D:1      | LnG the Kobold Summoner began the quest for the Orb.
     0 | D:1      | Reached XP level 1. HP: 10/10 MP: 3/3
   117 | D:1      | Reached XP level 2. HP: 9/15 MP: 0/5
   120 | D:1      | Learned a level 2 spell: Call Imp
   342 | D:1      | Reached XP level 3. HP: 19/19 MP: 6/6
   356 | D:1      | Learned a level 3 spell: Call Canine Familiar
   381 | D:1      | Reached skill level 3 in Stealth
   500 | D:1      | Found a faded altar of an unknown god.
  1065 | D:2      | Reached XP level 4. HP: 21/24 MP: 4/7
  1284 | D:2      | Reached skill level 1 in Short Blades
  2120 | D:3      | Reached skill level 4 in Stealth
  2248 | D:3      | Found Efib's Jewellery Boutique.
  2445 | D:3      | Reached XP level 5. HP: 16/28 MP: 5/9
  2449 | D:3      | Learned a level 3 spell: Summon Guardian Golem
  2576 | D:3      | Found a shimmering altar of Xom.
  2693 | D:4      | Noticed Pikel
  2693 | D:4      | Noticed a lemure
  2693 | D:4      | Noticed a lemure
  2693 | D:4      | Noticed a lemure
  2791 | D:4      | Noticed Ijyb
  2807 | D:4      | Killed Ijyb
  2918 | D:4      | Killed a lemure
  3324 | D:4      | Found an opulent altar of Gozag.
  3324 | D:4      | Found a shadowy altar of Dithmenos.
  3324 | D:4      | Found a sparkling altar of Nemelex Xobeh.
  3330 | D:4      | Became a worshipper of Dithmenos the Shadowed
  3361 | D:4      | Noticed a phantom
  3374 | D:4      | Killed a phantom
  3375 | D:4      | Reached skill level 5 in Stealth
  3375 | D:4      | Reached XP level 6. HP: 30/33 MP: 4/10
  3487 | D:4      | Noticed Blork the orc
  3501 | D:4      | Killed Blork the orc
  3603 | D:4      | Found a staircase to the Ecumenical Temple.
  3738 | D:5      | Entered Level 5 of the Dungeon
  3782 | D:5      | Found Soheob's Self-Improvement Boutique.
  3805 | D:5      | Reached skill level 1 in Fighting
  3810 | D:5      | Reached skill level 6 in Stealth
  3826 | D:5      | Reached XP level 7. HP: 34/38 MP: 6/12
  3997 | D:5      | Noticed a yak
  3997 | D:5      | Noticed a yak
  3997 | D:5      | Noticed a yak
  4178 | D:5      | Reached skill level 7 in Stealth
  4218 | D:5      | Reached * piety under Dithmenos
  4219 | D:5      | Found a radiant altar of Vehumet.
  4350 | D:5      | Found a hide-covered altar of Uskayaw.
  4909 | D:4      | You fall into a shaft and drop 1 floor!
  5059 | D:6      | Noticed a two-headed ogre
  5085 | D:6      | Noticed Eustachio
  5086 | D:6      | Killed a two-headed ogre
  5087 | D:6      | Reached skill level 5 in Dodging
  5087 | D:6      | Reached skill level 8 in Stealth
  5087 | D:6      | Reached skill level 5 in Summonings
  5087 | D:6      | Reached XP level 8. HP: 39/44 MP: 1/15
  5401 | D:6      | Found a runed translucent gate.
  5402 | D:6      | Found a runed translucent gate.
  5402 | D:6      | Found an opulent altar of Gozag.
  5403 | D:6      | Found a runed translucent gate.
  5405 | D:6      | Noticed a troll
  5407 | D:6      | Noticed tangygnat's ghost (novice TrFi)
  5567 | D:6      | Identified the +8 whip of LnG's Execution {elec, rC+
                  | Stlth+}
  5587 | D:6      | Reached skill level 9 in Stealth
  5587 | D:6      | Reached skill level 5 in Spellcasting
  5587 | D:6      | Reached XP level 9. HP: 7/49 MP: 10/16
  6005 | D:6      | Noticed Edmund
  6026 | D:6      | Killed Edmund
  6040 | D:6      | Killed Eustachio
  6055 | D:6      | Reached skill level 10 in Stealth
  6343 | D:6      | Reached skill level 1 in Maces & Flails
  6764 | D:7      | HP: 1/47 [wight/+0 great sword (11)]
  6764 | D:7      | Slain by a wight

Illustrated notes

Levels and vault maps discovered:
D:1:      giann_horns, layout_basic, basic_ecumenical_altar,
          chequers_serial_rivers_micro_c, eino_curves_04
D:2:      layout_basic
D:3:      layout_rooms, mainiacjoe_overflow_alcove_4, serial_shops, shop
D:4:      layout_layer_cave, gammafunk_temple_overflow_claw,
          minmay_temple_entry_nine_rooms, uniq_blork_the_orc, uniq_pikel,
          uniq_ijyb
D:5:      layout_gridville, lemuel_doored_altar, vehumet_statue,
          nicolae_shop_self_help
D:6:      layout_loops_ring, ebering_ghost_gozag, serial_undead,
          serial_undead_e, serial_undead_c, serial_undead_b, serial_undead_b,
          nicolae_sextant, kennysheep_diamond, uniq_edmund, uniq_eustachio
D:7:      minmay_chambers_of_fours, layout_basic, nzn_hepliaklqana_mist_gate,
          chequers_serial_rivers_micro_d

Skill      XL: |  1  2  3  4  5  6  7  8  9 |
---------------+----------------------------+-----
Dodging        | 3 4 5 6 7 |  7.6
Stealth        | 3 4 5 6 8 9 10 | 10.3
Short Blades   | 1 2 3 4 |  4.6
Spellcasting   | 3 4 5 |  5.7
Fighting       | 1 2 3 |  3.0
Summonings     | 5 6 |  6.1
Maces & Flails | 1 |  1.6
Hexes          | |  0.9

Action                   |  1- 3 |  4- 6 |  7- 9 || total
-------------------------+-------+-------+-------++-------
Melee: Unarmed           |    12 |       |       ||    12
       Dagger            |   111 |   130 |   172 ||   413
       Punch             |     1 |     2 |     9 ||    12
       Whip              |       |       |    74 ||    74
 Cast: Summon Small Mamm |    25 |       |       ||    25
       Call Canine Famil |     1 |     9 |    19 ||    29
       Call Imp          |     1 |     4 |     4 ||     9
       Summon Guardian G |       |       |     4 ||     4
  Use: Potion            |     1 |       |       ||     1
       Scroll            |       |     3 |     1 ||     4
 Stab: Sleeping          |     7 |    25 |    10 ||    42
       Distracted        |       |     1 |     3 ||     4
Armor: Robe              |    39 |    12 |    32 ||    83
Dodge: Dodged            |   185 |    66 |   188 ||   439

Table legend: (Time is in decaauts)
 A = Elapsed time spent in this place.
 B = Non-inter-level travel time spent in this place.
 C = Inter-level travel time spent in this place.
 D = Time resting spent in this place.
 E = Time spent auto-exploring this place.
 F = Levels seen in this place.
 G = Mean time per level.
                   A        B        C        D        E       F      G
               +--------+--------+--------+--------+--------+-----+--------+
         Total |   6655 |   6414 |    241 |    767 |   4173 |   7 |  950.7 |
       Dungeon |   6655 |   6414 |    241 |    767 |   4173 |   7 |  950.7 |
               +--------+--------+--------+--------+--------+-----+--------+

Top non-repeatable levels by time:
     D:6: 1478 daAuts
     D:2: 1259 daAuts
     D:5: 1194 daAuts
     D:4: 1087 daAuts
     D:1: 840 daAuts
     D:3: 613 daAuts
     D:7: 180 daAuts
